Map: Kairos Junction LE

Players

Mez - Winner!

  • Race: Terran Terran
  • League: Master
  • Spawn Location: 5:00

A.I. 1 (Very Easy)

  • Race: Zerg Zerg
  • Spawn Location: 11:00

VOD

Have the link to the VOD?

Description

Time

  • Played on: Aug. 10, 2019, 8 a.m.
  • Length: 9:34
Show
View Real Time Build Order
Export as new Build Order

Mez Terran - Winner!

Build Orders: Reaper Expand 

Get SALT Encoding   

  12  0:01  SCV  
  13  0:13  SCV  
  14  0:18  Supply Depot  
  14  0:25  SCV  
  15  0:39  SCV  
  15  0:41  Barracks  
  16  0:44  Refinery  
  16  0:52  SCV  
  17  1:04  SCV  
  18  1:16  SCV  
  19  1:29  Reaper  
  19  1:30  Orbital Command  
  20  1:43  Command Center  
  20  1:49  Bunker  
  20  1:56  SCV  
  21  2:03  Barracks Reactor  
  21  2:07  Supply Depot  
  22  2:08  SCV  
  22  2:20  SCV  
  23  2:33  Command Center  
  23  2:36  SCV  
  24  2:41  Factory  
  24  2:45  Marine  
  24  2:46  Marine  
  24  2:50  SCV  
  27  2:57  Orbital Command  
  26  3:03  Refinery  
  26  3:04  SCV  
  27  3:08  Marine x2  
  29  3:17  SCV  
  30  3:25  SCV  
  30  3:26  Widow Mine  
  33  3:29  SCV  
  33  3:31  Marine x2  
  33  3:32  Starport  
  36  3:37  SCV  
  38  3:41  SCV  
  38  3:46  Orbital Command  
  38  3:49  SCV  
  38  3:50  Widow Mine  
  38  3:51  Marine x2  
  38  3:53  SCV  
  44  3:59  Refinery  
  44  4:01  SCV  
  45  4:05  SCV  
  46  4:10  Starport Tech Lab  
  46  4:13  SCV  
  46  4:14  SCV, Supply Depot  
  46  4:15  Marine x2  
  46  4:16  Factory Tech Lab  
  50  4:17  SCV  
  51  4:25  SCV  
  51  4:26  SCV  
  51  4:29  SCV  
  51  4:30  Raven  
  56  4:33  Marine x2  
  56  4:37  Siege Tank, SCV  
  56  4:38  SCV  
  63  4:41  SCV, Barracks  
  64  4:49  Barracks  
  64  4:50  SCV x2  
  66  4:54  SCV  
  66  4:57  Refinery  
  67  5:02  SCV  
  67  5:03  Marine  
  67  5:05  Supply Depot  
  69  5:10  SCV, Marine, Supply Depot  
  69  5:11  SCV  
  69  5:12  Engineering Bay  
  69  5:13  Siege Tank, Engineering Bay  
  75  5:21  SCV, Orbital Command  
  76  5:22  Starport Reactor  
  76  5:23  SCV  
  77  5:28  Marine  
  77  5:33  SCV  
  77  5:34  Barracks  
  77  5:35  SCV, Barracks  
  80  5:36  Stimpack  
  80  5:38  Marine, Marauder  
  83  5:48  SCV x3  
  86  5:52  Factory Reactor  
  86  5:56  Marine  
  86  5:57  Marine, Marauder  
  89  5:59  Medivac  
  89  6:00  SCV  
  89  6:01  Supply Depot  
  89  6:03  Supply Depot  
  93  6:04  Terran Infantry Weapons Level 1  
  93  6:06  Terran Infantry Armor Level 1  
  93  6:23  SCV x2, Marine x2, Marauder, Medivac  
  93  6:25  SCV, Supply Depot x2  
  102  6:26  Supply Depot  
  102  6:29  Barracks Reactor  
  102  6:30  Combat Shield, Barracks Tech Lab  
  102  6:35  Medivac  
  102  6:37  SCV  
  102  6:38  SCV x2, Marauder  
  109  6:42  Refinery  
  109  6:46  Marine x2  
  109  6:47  Widow Mine x2  
  115  6:49  SCV  
  115  6:51  Supply Depot  
  115  6:54  SCV x2  
  118  6:56  Marauder x2  
  118  7:00  Supply Depot  
  122  7:01  SCV  
  122  7:02  Supply Depot  
  122  7:03  Armory  
  122  7:06  SCV x2  
  125  7:08  Marine x3  
  125  7:09  Marine, Marauder  
  125  7:10  Refinery  
  125  7:13  Concussive Shells  
  131  7:17  Widow Mine x2, Marine  
  131  7:20  Marauder  
  131  7:21  SCV x3  
  141  7:30  Marauder  
  141  7:34  SCV x2  
  145  7:41  Marine x4, Marauder x2  
  145  7:43  Widow Mine x2  
  157  7:50  Medivac x2, Supply Depot x2  
  161  7:52  Supply Depot  
  161  7:54  Marauder  
  161  7:55  Supply Depot  
  163  7:59  Supply Depot  
  163  8:01  Supply Depot  
  163  8:02  Marine x2  
  165  8:11  Marine x2, Ghost Academy  
  165  8:12  Marauder x2  
  171  8:16  Marauder  
  171  8:19  Widow Mine x2, Marine x2  
  177  8:26  Starport  
  179  8:30  Command Center  
  179  8:33  Marine x2, Marauder x2  
  185  8:37  Marauder  
  183  8:42  Marine x2  
  185  8:49  Hellion  
  185  8:55  Marauder x2  
  191  8:58  Marauder  
  193  9:04  Marine x4  
Show
View Real Time Build Order
Export as new Build Order

A.I. 1 (Very Easy) Zerg 

Build Orders: Hatch First 

Get SALT Encoding   

  12  0:01  Drone  
  13  0:12  Overlord  
  13  0:16  Drone  
  14  0:42  Hatchery  
  13  0:45  Drone  
  14  1:05  Spawning Pool  
  14  1:06  Extractor  
  14  1:09  Drone  
  13  1:16  Drone  
  14  1:22  Overlord  
  14  1:51  Zergling x2  
  14  1:53  Zergling x2, Queen  
  18  2:03  Roach Warren  
  18  2:06  Drone  
  18  2:10  Extractor  
  18  2:14  Drone  
  18  2:18  Zergling x2  
  18  2:22  Drone  
  20  2:30  Drone  
  21  2:37  Drone  
  22  2:44  Drone  
  23  2:51  Drone  
  23  2:59  Drone, Zergling x2  
  23  3:04  Lair  
  25  3:15  Drone  
  26  3:22  Drone  
  27  3:29  Drone  
  27  3:30  Overlord  
  28  3:36  Drone  
  29  3:43  Drone  
  30  3:54  Drone  
  31  4:01  Drone  
  32  4:03  Spire  
  32  4:08  Drone  
  32  4:11  Overseer  
  32  4:14  Overseer  
  32  4:15  Drone  
  33  4:20  Overlord  
  33  4:22  Drone  
  34  4:30  Drone  
  35  4:37  Drone  
  36  4:44  Drone  
  37  4:50  Extractor  
  37  4:51  Drone  
  37  4:56  Extractor  
  37  4:59  Drone  
  37  5:06  Drone  
  38  5:13  Drone  
  39  5:16  Mutalisk  
  39  5:20  Drone  
  42  5:27  Drone  
  43  5:28  Overlord  
  43  5:34  Drone  
  44  5:42  Drone  
  45  5:44  Overseer  
  45  5:47  Overlord  
  45  5:49  Drone  
  46  5:56  Drone  
  47  5:57  Mutalisk  
  49  7:33  Overlord, Overseer  
  49  8:40  Zergling x2  
  49  8:48  Overlord  
  49  8:50  Queen  
  49  8:52  Drone  
  49  8:55  Overseer  
  43  9:02  Drone  
  36  9:09  Zergling x2  
  25  9:10  Drone  
  14  9:17  Drone  
Tags
 
Add a new tag
Caveats
  • Supply blocks, unpowered buildings, or Contaminate may cause inaccurate times.
  • Supply counts are checked every 10 seconds.